 Dungeon Crawl Stone Soup version 0.27-a0-1256-gced786f65e (webtiles) character file.

Game seed: 7687230753077862520

212982 senseless the Warrior (level 18, -14/174 HPs)
             Began as a Minotaur Hunter on June 10, 2021.
             Was the Champion of Okawaru.
             Shot with an arrow by Vashnia (24 damage)
             ... on level 2 of the Snake Pit.
             The game lasted 02:08:37 (35358 turns).

senseless the Warrior (Minotaur Hunter)            Turns: 35358, Time: 02:08:37

Health: -14/174    AC: 28    Str: 19    XL:     18   Next: 26%
Magic:  8/8        EV: 31    Int: 11    God:    Okawaru [******]
Gold:   1459       SH:  0    Dex: 28    Spells: 17/17 levels left

rFire    + + .     SeeInvis .   a - +6 shortbow (venom)
rCold    . . .     Faith    .   (shield currently unavailable)
rNeg     + + +     Spirit   .   R - quicksilver dragon scales "Kisux" {+Inv rPois rN+++ Will+ Dex-4}
rPois    +         Reflect  .   B - -1 hat of Nemelex Xobeh's Pride {MP-9 Dex+7}
rElec    .         Harm     .   G - +2 cloak {Stlth+}
rCorr    +         Rampage  .   F - +2 pair of gloves {Dex+3}
Will     ++...                  A - +2 pair of boots {Fly}
Stlth    +++.......             g - amulet of Iroeleb {*Corrode +Inv rF++ Regen+ Dex+2}
HPRegen  1.39/turn              I - ring "Efoir" {rN+ rCorr AC+4 Int+3 Dex+3}
MPRegen  0.11/turn              t - +4 ring of evasion

@: flying, studying Hexes
A: horns 2, retaliatory headbutt
}: 1/15 runes: decaying
a: Renounce Religion, Evoke Invisibility, Heroism, Finesse


You were on level 2 of the Snake Pit.
You worshipped Okawaru.
Okawaru was exalted by your worship.
You visited 6 branches of the dungeon, and saw 29 of its levels.
You also visited: Gauntlet.

You collected 2119 gold pieces.
You spent 660 gold pieces at shops.

Inventory:

Hand Weapons
 a - a +6 shortbow of venom (weapon)
 b - the +12 scimitar "Cecuat" {flame, Will+ Int+2 Stlth+}
   (You took it off a gnoll sergeant on level 12 of the Dungeon)

   It has been specially enchanted to burn those struck by it, causing extra
   injury to most foes and up to half again as much damage against particularly
   susceptible opponents.
   Big, fiery blades are also staple armaments of hydra-hunters.
   It affects your intelligence (+2).
   It increases your willpower.
   It makes you more stealthy.
 H - a +6 longbow of flaming
Missiles
 d - 124 arrows (quivered ammo)
Armour
 k - the +2 robe of Vines {NoPotionHeal Regen+++}
   (You found it on level 4 of the Lair of Beasts)

   It increases your rate of health regeneration.
 A - a +2 pair of boots of flying (worn)
 B - the -1 hat of Nemelex Xobeh's Pride (worn) {MP-9 Dex+7}
   (You found it in a Gauntlet)

   It affects your dexterity (+7).
   It affects your magic capacity (-9).
 D - +5 acid dragon scales
 F - a +2 pair of gloves of dexterity (worn)
 G - a +2 cloak of stealth (worn)
 R - the quicksilver dragon scales "Kisux" (worn) {+Inv rPois rN+++ Will+ Dex-4}
   (Okawaru gifted it to you on level 6 of the Lair of Beasts)

   It affects your dexterity (-4).
   It protects you from poison.
   It renders you almost immune to negative energy.
   It lets you turn invisible.
   It increases your willpower.
Jewellery
 f - an amulet of reflection
 g - the amulet of Iroeleb (around neck) {*Corrode +Inv rF++ Regen+ Dex+2}
   (You acquired it on level 4 of the Swamp)

   [amulet of regeneration]

   It affects your dexterity (+2).
   It greatly protects you from fire.
   It lets you turn invisible.
   It increases your rate of health regeneration.
   It may corrode you when you take damage.
 l - a +4 ring of protection
 o - a ring of poison resistance
 r - a ring of willpower
 t - a +4 ring of evasion (right hand)
 I - the ring "Efoir" (left hand) {rN+ rCorr AC+4 Int+3 Dex+3}
   (You found it in a Gauntlet)

   [ring of protection]

   It affects your AC (+4).
   It affects your intelligence (+3).
   It affects your dexterity (+3).
   It protects you from negative energy.
   It protects you from acid and corrosion.
 S - a ring of positive energy
 Z - a ring of protection from cold
Wands
 e - a wand of flame (133)
 q - a wand of paralysis (33)
 u - a wand of charming (16)
 y - a wand of digging (10)
 E - a wand of iceblast (65)
 J - a wand of polymorph (22)
 L - a wand of acid (39)
 T - a wand of mindburst (63)
Scrolls
 i - a scroll of amnesia
 m - a scroll of fear
 p - 8 scrolls of teleportation
 x - 4 scrolls of magic mapping
 P - 5 scrolls of blinking
 V - 3 scrolls of holy word
 W - 11 scrolls of identify
 Y - a scroll of enchant armour
Potions
 h - 10 potions of curing
 j - 5 potions of haste
 n - 3 potions of might
 v - 3 potions of berserk rage
 z - 4 potions of cancellation
 C - 6 potions of attraction
 K - a potion of invisibility
 M - 3 potions of lignification
 N - 4 potions of brilliance
 U - 3 potions of magic
 X - a potion of resistance


   Skills:
 * Level 18.9 Fighting
 * Level 12.0 Long Blades
 * Level 17.9 Bows
 + Level 13.9 Armour
 * Level 16.6 Dodging
 - Level 0.7 Stealth


You had 17 spell levels left.
You didn't know any spells.
Your spell library contained the following spells:

 Spells                   Type           Power      Damage    Failure   Level
 Animate Skeleton         Necr           0%         N/A       45%         1
 Apportation              Tloc           0%         N/A       45%         1
 Beastly Appendage        Tmut           0%         N/A       45%         1
 Magic Dart               Conj           0%         1d3       45%         1
 Pain                     Necr           0%         1d4       45%         1
 Sandblast                Erth           0%         2d4       45%         1
 Shock                    Conj/Air       0%         1d3       45%         1
 Sting                    Tmut/Pois      0%         1d3       45%         1
 Summon Small Mammal      Summ           0%         N/A       45%         1
 Blink                    Tloc           N/A        N/A       61%         2
 Call Imp                 Summ           0%         N/A       61%         2
 Passwall                 Tmut/Erth      0%         N/A       61%         2
 Slow                     Hex            0%         N/A       61%         2
 Static Discharge         Conj/Air       0%         N/A       61%         2
 Wereblood                Tmut           0%         N/A       61%         2
 Call Canine Familiar     Summ           0%         N/A       83%         3
 Confusing Touch          Hex            0%         N/A       83%         3
 Conjure Flame            Conj/Fire      0%         6-21      83%         3
 Gell's Gravitas          Tloc           0%         N/A       83%         3
 Ignite Poison            Fire/Tmut/Pois 0%         N/A       83%         3
 Mephitic Cloud           Conj/Pois/Air  0%         N/A       83%         3
 Portal Projectile        Hex/Tloc       0%         N/A       83%         3
 Spider Form              Tmut/Pois      0%         N/A       83%         3
 Stone Arrow              Conj/Erth      0%         3d7       83%         3
 Summon Guardian Golem    Hex/Summ       0%         N/A       83%         3
 Swiftness                Air            0%         N/A       83%         3
 Vampiric Draining        Necr           0%         2d6       83%         3
 Airstrike                Air            0%         N/A       99%         4
 Animate Armour           Summ/Erth      0%         N/A       99%         4
 Animate Dead             Necr           0%         N/A       99%         4
 Ice Form                 Ice/Tmut       0%         N/A       99%         4
 Iskenderun's Mystic Bla  Conj/Tloc      0%         2d3       99%         4
 Leda's Liquefaction      Hex/Erth       0%         N/A       99%         4
 Passage of Golubria      Tloc           N/A        N/A       99%         4
 Petrify                  Tmut/Erth      0%         N/A       99%         4
 Summon Ice Beast         Ice/Summ       0%         N/A       99%         4
 Summon Lightning Spire   Summ/Air       0%         N/A       99%         4
 Agony                    Necr           0%         N/A       100%        5
 Bolt of Magma            Conj/Fire/Erth 0%         4d4       100%        5
 Lee's Rapid Deconstruct  Erth           0%         3d5*      100%        5
 Lightning Bolt           Conj/Air       0%         1d11      100%        5
 Manifold Assault         Tloc           0%         N/A       100%        5
 Metabolic Englaciation   Hex/Ice        0%         N/A       100%        5
 Silence                  Hex/Air        0%         N/A       100%        5
 Summon Forest            Summ/Tloc      0%         N/A       100%        5
 Yara's Violent Unravell  Hex/Tmut       0%         3d3       100%        5
 Death Channel            Necr           0%         N/A       100%        6
 Dispersal                Tloc           0%         N/A       100%        6
 Iron Shot                Conj/Erth      0%         9d1       100%        6
 Statue Form              Tmut/Erth      0%         N/A       100%        6
 Malign Gateway           Summ/Tloc      0%         N/A       100%        7
 Summon Hydra             Summ           0%         N/A       100%        7
 Disjunction              Tloc           0%         N/A       100%        8
 Shatter                  Erth           0%         3d5*      100%        9


Dungeon Overview and Level Annotations

Branches:
Dungeon (15/15)            Temple (1/1) D:4            Lair (6/6) D:8
  Swamp (4/4) Lair:2        Snake (2/4) Lair:2        Slime (1/5) Lair:6
    Orc (0/2) D:11         Vaults (0/5) D:14         Depths (0/5) D:15
Gauntlet (visited)

Altars:
Ashenzari
Cheibriados
Dithmenos
Elyvilon
Fedhas
Gozag
Hepliaklqana
Kikubaaqudgha
Makhleb
Nemelex Xobeh
Okawaru
Qazlal
Ru
Sif Muna
Trog
Uskayaw
Vehumet
Wu Jian
Xom
Yredelemnul
Zin
The Shining One

Shops:
D:9 :   D:14 *   D:15 ?   Snake:2 [(

Annotations:
Snake:2 Vashnia


Innate Abilities, Weirdness & Mutations

You have a pair of horns on your head.
You reflexively headbutt those who attack you in melee.


Message History

You feel much better.
You feel sick.
You are no longer poisoned.
Vashnia gestures wildly while chanting.
Vashnia magically shoots an arrow.
The arrow hits you!
* * * LOW HITPOINT WARNING * * *
You slice Vashnia!! You burn Vashnia. Your headbutt misses Vashnia.
Vashnia is severely wounded.
Vashnia shoots an arrow.
The arrow completely misses you.
You slash Vashnia! You burn Vashnia. You headbutt Vashnia, but do no damage.
Vashnia is almost dead.
Vashnia shoots an arrow.
The arrow hits you!!
* * * LOW HITPOINT WARNING * * *
You feel better.
Vashnia unwields a +0 longbow.
Vashnia wields a +4 vorpal long sword.
Vashnia completely misses you.
You riposte.
You hit Vashnia but do no damage. You headbutt Vashnia.
Vashnia is almost dead.
Vashnia completely misses you.
You closely miss Vashnia. Your headbutt misses Vashnia.
Vashnia is almost dead.
You hit Vashnia. Your headbutt misses Vashnia.
Vashnia is almost dead.
Vashnia blinks!
The +12 scimitar "Cecuat" {flame, Will+ Int+2 Stlth+} stops flaming.
Your +6 shortbow of venom begins to drip with poison!
a - a +6 shortbow of venom (weapon)
Vashnia unwields a +4 vorpal long sword.
Vashnia wields a +0 longbow.
Vashnia mumbles some strange words.
Vashnia magically shoots an arrow.
The arrow hits you!!
* * * LOW HITPOINT WARNING * * *
You feel better.
You are too injured to fight recklessly!
Fire: 125 arrows
Press: ? - help, Q - select action, (/) - cycle Shift-Dir - straight line, f/p - Vashnia
Aim: Vashnia, wielding a +0 longbow, wearing a +2 barding of fire resistance and quivering arrows (almost dead, poisoned, 67% to hit)
You shoot an arrow. The arrow hits Vashnia.
Vashnia is almost dead.
Vashnia casts a spell.
Vashnia magically shoots an arrow.
The arrow hits you!!
You die...

.............).
##.................##
##.................##
##.................)#
##...................###
#.......................
#.......()..............
#N.....()....##.........
#.>....@)....###..######
#.....(..#....##......#
#....(####...........##
#...(####.....##.......#
######.[..##......#####....##
####......)).#..#...###########
##........)..#..##..#....## #
..>...##..###...##.##.#...####
# ....###.(## ...###
#.#'#....####


You could see Vashnia (poisoned).

Vanquished Creatures
  Rupert (D:14)
  3 acid blobs (Slime:1)
  Agnes (D:14)
  Kirke (Snake:1)
  An azure jelly (Slime:1)
  Roxanne (Swamp:1)
  Aizul (Snake:1)
  Louise (D:14)
  2 very ugly things (D:12)
  Nessos (D:15)
  5 bunyips
  The ghost of sn0wgr3 the Cleaver, a journeyman DDFi of Makhleb (D:12)
  A minotaur (Gauntlet)
  3 eleionomae
  A fire dragon (Lair:6)
  2 great orbs of eyes
  A rakshasa (D:15)
  2 shambling mangroves (Swamp:4)
  A vault guard (D:14)
  A naga warrior (Snake:2)
  2 ghost crabs
  28 hydras
  2 anacondas (Snake:2)
  4 boulder beetles
  A centaur warrior (D:13)
  3 catoblepae
  3 tengu warriors
  A two-headed ogre (D:10)
  4 alligators
  A death yak (Lair:6)
  A spriggan berserker (Swamp:4)
  A deep troll earth mage (D:12)
  5 naga sharpshooters (Snake:2)
  A deep elf knight (D:11)
  A shock serpent (Snake:2)
  2 salamander mystics (Snake:2)
  3 spriggan druids
  A fire crab (shapeshifter) (D:12)
  A death drake (Swamp:2)
  3 skeletal warriors
  7 swamp dragons
  2 goliath frogs
  7 bog bodies
  A necromancer (D:14)
  A wizard (D:14)
  A harpy (shapeshifter) (D:12)
  2 orc knights
  A deep elf pyromancer (D:12)
  3 oklob plants
  A lindwurm (Lair:6)
  Pikel (D:7)
  30 ugly things
  A shining eye (Lair:6)
  An orc sorcerer (D:11)
  2 will-o-the-wisps (Swamp:1)
  2 manticores
  3 mana vipers (Snake:1)
  6 cyclopes
  6 salamanders
  5 elephants (Lair:6)
  22 black mambas
  A torpor snail (Lair:6)
  A guardian serpent (Snake:2)
  A rust devil (Gauntlet)
  A cane toad (shapeshifter) (D:12)
  10 cane toads
  3 molten gargoyles (Lair:6)
  2 naga magi
  Psyche (D:8)
  An efreet (D:15)
  A rime drake (shapeshifter) (D:12)
  3 rime drakes
  20 komodo dragons
  A yaktaur (D:14)
  An unseen horror (D:11)
  2 kobold demonologists (D:11)
  5 tyrant leeches
  A polar bear (Lair:3)
  13 hornets
  A bloated husk (Swamp:1)
  2 trolls
  3 meliai (D:15)
  43 slime creatures
  3 blink frogs (Lair:6)
  A snapping turtle (shapeshifter) (D:15)
  A tarantella (shapeshifter) (D:12)
  12 spriggans
  A shadow (D:9)
  A wyvern (Lair:4)
  29 yaks
  5 basilisks
  A vampire (D:10)
  5 wraiths
  A ynoxinul (Gauntlet)
  2 neqoxecs (D:12)
  20 humans (D:14)
  A golden eye (shapeshifter) (D:14)
  2 steam dragons (Lair:6)
  10 vampire mosquitoes
  6 hogs (Snake:1)
  Edmund (D:4)
  18 swamp worms
  12 water moccasins
  15 nagas
  2 acid dragons
  4 hell hounds (Lair:6)
  An ice beast (D:7)
  12 swamp drakes
  4 black bears
  7 orc warriors
  An ogre (shapeshifter) (D:12)
  2 necrophages (D:6)
  10 wolves
  4 centaurs
  A lemure (D:7)
  7 kobold brigands
  11 bullfrogs
  A gnoll sergeant (D:12)
  A water moccasin zombie (D:5)
  A wyvern skeleton (D:7)
  A hornet simulacrum (D:12)
  2 water moccasin skeletons (D:4)
  8 electric eels
  8 wights
  5 howler monkeys
  5 lava snakes (Lair:6)
  2 centaur skeletons (D:5)
  2 centaur zombies
  2 hounds
  9 orc priests
  8 jellies
  A gnoll shaman (D:4)
  2 iron imps (Gauntlet)
  Ijyb (D:4)
  A bullfrog skeleton (D:4)
  11 iguanas
  13 orc wizards
  3 hell rats (Lair:5)
  3 howler monkey zombies
  A gnoll (D:4)
  A howler monkey skeleton (D:6)
  5 adders
  7 river rats (Lair:5)
  A white imp (D:7)
  2 worms (D:3)
  2 dart slugs
  30 orcs
  19 endoplasms
  3 giant cockroaches
  3 goblins
  3 hobgoblins
  6 jackals (D:2)
  5 quokkas
  7 ball pythons
  5 bats
  13 frilled lizards
  55 kobolds
  7 rats
799 creatures vanquished.

Vanquished Creatures (others)
  A butterfly (D:9)
  4 foxfires (Swamp:1)
  19 fungi
  39 plants
  44 withered plants (Gauntlet)
107 creatures vanquished.

Grand Total: 906 creatures vanquished

Notes
Turn   | Place    | Note
-------+----------+-------------------------------------------
     0 | D:1      | senseless the Minotaur Hunter began the quest for the Orb.
     0 | D:1      | Reached XP level 1. HP: 18/18 MP: 0/0
   123 | D:1      | Found a faded altar of an unknown god.
   322 | D:1      | Found a glowing golden altar of the Shining One.
   346 | D:1      | Reached XP level 2. HP: 25/25 MP: 1/1
   562 | D:1      | Noticed an ogre
   562 | D:1      | Noticed an ogre
   562 | D:1      | Noticed an ogre
   568 | D:1      | Noticed an ogre
   865 | D:2      | Reached skill level 3 in Fighting
   916 | D:2      | Reached skill level 1 in Armour
  1356 | D:2      | Reached XP level 3. HP: 31/31 MP: 2/2
  1744 | D:3      | Reached skill level 5 in Bows
  1841 | D:3      | Found a hide-covered altar of Uskayaw.
  1863 | D:3      | Reached XP level 4. HP: 39/39 MP: 3/3
  1966 | D:3      | Found a radiant altar of Vehumet.
  2202 | D:4      | Reached skill level 4 in Fighting
  2356 | D:4      | Reached XP level 5. HP: 46/46 MP: 4/4
  2406 | D:4      | Reached XP level 6. HP: 47/55 MP: 5/5
  2574 | D:4      | Noticed Edmund
  2594 | D:4      | Killed Edmund
  2595 | D:4      | Reached skill level 5 in Fighting
  2722 | D:4      | Found a staircase to the Ecumenical Temple.
  2738 | Temple   | Entered the Ecumenical Temple
  3195 | Temple   | Became a worshipper of the Shining One
  3383 | D:4      | Noticed Ijyb
  3389 | D:4      | Killed Ijyb
  3796 | D:4      | Found a shimmering blue altar of Sif Muna.
  3835 | D:5      | Entered Level 5 of the Dungeon
  3910 | D:5      | Reached XP level 7. HP: 62/62 MP: 6/6
  3991 | D:5      | Reached skill level 6 in Fighting
  4725 | D:6      | Reached * piety under the Shining One
  4828 | D:6      | Reached XP level 8. HP: 71/71 MP: 7/7
  4926 | D:6      | Reached skill level 7 in Fighting
  5139 | D:7      | Noticed a komodo dragon
  5147 | D:6      | Killed a komodo dragon
  5148 | D:6      | Reached skill level 5 in Dodging
  5350 | D:7      | Reached skill level 5 in Armour
  5386 | D:7      | Reached skill level 8 in Fighting
  5597 | D:7      | Reached XP level 9. HP: 82/82 MP: 8/8
  5653 | D:7      | Noticed Pikel
  5668 | D:7      | Killed Pikel
  5669 | D:7      | Reached skill level 9 in Fighting
  5730 | D:7      | Found a sparkling altar of Nemelex Xobeh.
  5730 | D:7      | Found a sacrificial altar of Ru.
  5932 | D:8      | Noticed Psyche
  5975 | D:8      | Killed Psyche
  6062 | D:8      | Reached ** piety under the Shining One
  6108 | D:8      | Identified the +1 flail of Victory {elec, Fragile +Blink
                  | Will++ rCorr}
  6145 | D:8      | Found an iron altar of Okawaru.
  6154 | D:8      | Fell from the grace of the Shining One
  6154 | D:8      | Became a worshipper of Warmaster Okawaru
  6470 | D:8      | Found an ornate altar of the Wu Jian Council.
  6602 | D:8      | Reached skill level 10 in Fighting
  6740 | D:8      | Found a staircase to the Lair.
  7196 | D:9      | Reached skill level 10 in Bows
  7559 | D:9      | Reached * piety under Okawaru
  7560 | D:9      | Reached XP level 10. HP: 71/93 MP: 9/9
  7729 | D:9      | Paralysed by a hornet for 1 turns
  8055 | D:9      | Found Guhem's Book Shoppe.
  8073 | D:9      | Identified the +1 robe of Time Monsters {Dex+2 Stlth+}
  8119 | D:9      | Identified the +6 arbalest of Cuosus {vorpal, rPois Int-3
                  | Dex+5}
  8317 | D:9      | Found a white marble altar of Elyvilon.
  8361 | D:9      | Found an ancient bone altar of Kikubaaqudgha.
  8467 | D:10     | Entered Level 10 of the Dungeon
  8572 | D:10     | Noticed a two-headed ogre
  8577 | D:10     | Killed a two-headed ogre
  8692 | D:10     | Found a snail-covered altar of Cheibriados.
  8818 | D:9      | Reached ** piety under Okawaru
  8819 | D:9      | Reached skill level 11 in Fighting
  9726 | D:11     | Noticed a seven-headed hydra
  9733 | D:11     | Killed a seven-headed hydra
  9733 | D:11     | Reached *** piety under Okawaru
  9773 | D:11     | Reached XP level 11. HP: 103/103 MP: 10/10
  9927 | D:11     | Noticed a deep elf knight
  9976 | D:11     | Found a transporter.
 10002 | D:11     | Found a staircase to the Orcish Mines.
 10276 | D:11     | Found a transporter.
 10278 | D:11     | Noticed an orc sorcerer
 10374 | D:11     | Reached **** piety under Okawaru
 10519 | D:11     | Reached skill level 12 in Fighting
 11037 | D:12     | Found a runed translucent gate.
 11037 | D:12     | Found a runed translucent gate.
 11037 | D:12     | Found a runed translucent gate.
 11038 | D:12     | Noticed a brown very ugly thing
 11038 | D:12     | Noticed a brown ugly thing
 11038 | D:12     | Noticed a red ugly thing
 11039 | D:12     | Noticed a purple ugly thing
 11040 | D:12     | Noticed a green very ugly thing
 11041 | D:12     | Noticed a white ugly thing
 11214 | D:12     | Received a gift from Okawaru
 11449 | D:12     | Received a gift from Okawaru
 11763 | D:12     | Noticed a deep elf pyromancer
 11771 | D:12     | HP: 2/105 [fire elemental[a deep elf pyromancer] (12)]
 11787 | D:12     | Killed a deep elf pyromancer
 12178 | D:12     | Received a gift from Okawaru
 12179 | D:12     | Reached skill level 10 in Dodging
 12455 | D:12     | Found a runed translucent door.
 12455 | D:12     | Noticed a boulder beetle
 12464 | D:12     | Killed a boulder beetle
 12464 | D:12     | Identified the +12 scimitar "Cecuat" {flame, Will+ Int+2
                  | Stlth+}
 12470 | D:12     | Noticed a deep troll earth mage
 12495 | D:12     | Noticed a storm dragon
 12504 | D:12     | Noticed a deep elf annihilator
 13025 | D:13     | Noticed a centaur warrior
 13038 | D:13     | Killed a centaur warrior
 13038 | D:13     | Reached ***** piety under Okawaru
 13039 | D:13     | Reached skill level 13 in Fighting
 13039 | D:13     | Reached XP level 12. HP: 69/115 MP: 11/11
 13716 | D:14     | Received a gift from Okawaru
 13801 | D:14     | Noticed Agnes
 13821 | D:14     | Killed Agnes
 14221 | D:14     | Received a gift from Okawaru
 14238 | D:14     | Reached skill level 10 in Armour
 14269 | D:14     | Reached skill level 14 in Fighting
 14299 | D:14     | Identified the -1 buckler of Kegasafya {+Blink rElec}
 14301 | D:14     | Noticed a vault guard
 14322 | D:14     | Killed a vault guard
 14655 | D:14     | Found a gate to the Vaults.
 14768 | D:14     | Noticed Rupert
 15018 | D:14     | Reached XP level 13. HP: 88/124 MP: 12/12
 15279 | D:14     | Noticed Louise
 15295 | D:14     | Killed Louise
 15295 | D:14     | Received a gift from Okawaru
 15338 | D:14     | Paralysed by Rupert for 2 turns
 15343 | D:14     | Killed Rupert
 15728 | D:14     | Found Gozag's Platinum Reserve.
 15728 | D:14     | Found an opulent altar of Gozag.
 15827 | D:15     | Entered Level 15 of the Dungeon
 15909 | D:14     | HP: 6/125 [poisoned by a green ugly thing]
 16781 | D:15     | Reached ****** piety under Okawaru
 16782 | D:15     | Reached skill level 15 in Fighting
 16787 | D:15     | Identified the +1 robe "Mucysa" {Dex+2} (Okawaru gifted it
                  | to you on level 15 of the Dungeon)
 16787 | D:15     | Received a gift from Okawaru
 17365 | D:15     | Found a staircase to the Depths.
 18228 | D:15     | Noticed Nessos
 18241 | D:15     | Killed Nessos
 18675 | D:15     | Reached XP level 14. HP: 135/135 MP: 13/13
 19086 | D:15     | Reached skill level 15 in Bows
 19105 | D:15     | Found Kealyon's Magic Scroll Shoppe.
 19110 | D:15     | Bought a scroll of enchant armour for 105 gold pieces
 19110 | D:15     | Bought a scroll of enchant weapon for 105 gold pieces
 19110 | D:15     | Bought a scroll of enchant armour for 105 gold pieces
 19110 | D:15     | Bought a scroll of enchant weapon for 105 gold pieces
 19909 | D:12     | Identified Fiokkiaf's Handbook of Supportive Beguiling
 19945 | D:12     | Received a gift from Okawaru
 20028 | D:11     | Reached skill level 1 in Long Blades
 20208 | D:11     | Identified the +1 scale mail of Okawaru's Scorn {rElec}
                  | (Okawaru gifted it to you on level 11 of the Dungeon)
 20208 | D:11     | Received a gift from Okawaru
 20340 | Lair:1   | Entered Level 1 of the Lair of Beasts
 21244 | Lair:2   | Found a staircase to the Snake Pit.
 21251 | Lair:2   | Reached skill level 16 in Fighting
 21444 | Lair:2   | Found a staircase to the Swamp.
 22376 | Lair:3   | Found a gate leading to a gauntlet.
 22384 | Gauntlet | Entered a Gauntlet
 22384 | Gauntlet | Found a transporter.
 22384 | Gauntlet | Found a transporter.
 22388 | Gauntlet | Found a transporter.
 22388 | Gauntlet | Found a transporter.
 22397 | Gauntlet | Found a transporter.
 22416 | Gauntlet | Found a transporter.
 22426 | Gauntlet | Found a transporter.
 22426 | Gauntlet | Found a transporter.
 22450 | Gauntlet | Found a transporter.
 22457 | Gauntlet | Found a transporter.
 22469 | Gauntlet | Found a transporter.
 22489 | Gauntlet | Found a transporter.
 22522 | Gauntlet | Found a transporter.
 22537 | Gauntlet | Found a transporter.
 22640 | Gauntlet | Found a transporter.
 22656 | Gauntlet | Found a transporter.
 22936 | Gauntlet | Identified the -1 hat of Nemelex Xobeh's Pride {MP-9 Dex+7}
 23149 | Gauntlet | Identified the ring "Efoir" {rN+ rCorr AC+4 Int+3 Dex+3}
 23184 | Gauntlet | Identified the +5 arbalest of the Snake Pit {speed, Contam
                  | Drain rC++ Stlth+}
 23185 | Gauntlet | Found the +7 Spriggan's Knife {stab, EV+4 Stlth+}
 23200 | Gauntlet | Identified the +2 leather armour of Fiesink {*Slow Int+5}
 23200 | Gauntlet | Identified the Guide on Dislocated Transmigration
 23516 | Lair:3   | You are sucked into a shaft and drop 1 floor!
 23909 | Lair:4   | Reached skill level 5 in Long Blades
 23924 | Lair:4   | Received a gift from Okawaru
 24013 | Lair:4   | Found the +2 robe of Vines {NoPotionHeal Regen+++}
 24308 | Lair:4   | You are sucked into a shaft and drop 2 floors!
 24308 | Lair:6   | Entered Level 6 of the Lair of Beasts
 24333 | Lair:6   | Received a gift from Okawaru
 24762 | Lair:5   | Received a gift from Okawaru
 25351 | Lair:5   | Reached XP level 15. HP: 128/145 MP: 5/14
 25985 | Lair:6   | Found a staircase to the Slime Pits.
 26014 | Lair:6   | Received a gift from Okawaru
 26347 | Lair:6   | Identified the quicksilver dragon scales "Kisux" {+Inv
                  | rPois rN+++ Will+ Dex-4} (Okawaru gifted it to you on level
                  | 6 of the Lair of Beasts)
 26347 | Lair:6   | Received a gift from Okawaru
 26683 | Lair:6   | Found a large runed translucent door.
 26683 | Lair:6   | Found a large runed translucent door.
 27303 | Lair:6   | Reached skill level 17 in Fighting
 27736 | Slime:1  | Entered Level 1 of the Pits of Slime
 27736 | Slime:1  | Noticed an acid blob
 27818 | Slime:1  | Killed an acid blob
 27957 | Slime:1  | Noticed an azure jelly
 27969 | Slime:1  | Killed an azure jelly
 27997 | Slime:1  | Noticed an acid blob
 28006 | Slime:1  | Noticed an acid blob
 28031 | Slime:1  | Killed an acid blob
 28036 | Slime:1  | HP: 5/147 [acid (4)]
 28040 | Slime:1  | Killed an acid blob
 28040 | Slime:1  | Received a gift from Okawaru
 28608 | D:12     | Reached skill level 15 in Dodging
 28621 | D:12     | HP: 3/147 [white ugly thing (26)]
 28998 | D:12     | Found a runed translucent gate.
 28998 | D:12     | Found a runed translucent gate.
 29001 | D:12     | Found a runed translucent gate.
 29012 | D:12     | Noticed sn0wgr3's ghost (journeyman DDFi)
 29050 | D:12     | Killed sn0wgr3's ghost
 29324 | Swamp:1  | Entered Level 1 of the Swamp
 29528 | Swamp:1  | Identified the +7 war axe of Seruqux {distort, +Blink}
 29528 | Swamp:1  | Noticed Roxanne
 29545 | Swamp:1  | Killed Roxanne
 29772 | Swamp:1  | Reached XP level 16. HP: 140/155 MP: 6/15
 29817 | Swamp:1  | You are sucked into a shaft and drop 1 floor!
 29907 | Swamp:2  | Identified the +1 leather armour of the Evening Star
                  | {Will+}
 30625 | Swamp:1  | Received a gift from Okawaru
 30872 | Swamp:1  | Identified the Disquisition on Darkness and Feathers
 31637 | Swamp:3  | Reached skill level 10 in Long Blades
 31710 | Swamp:3  | Reached skill level 18 in Fighting
 32064 | Swamp:4  | Entered Level 4 of the Swamp
 32187 | Swamp:4  | Reached XP level 17. HP: 165/165 MP: 7/16
 32255 | Swamp:4  | Identified a scroll of acquirement
 32256 | Swamp:4  | Acquired the amulet of Iroeleb {*Corrode +Inv rF++ Regen+
                  | Dex+2}
 32447 | Swamp:4  | Received a gift from Okawaru
 32571 | Swamp:4  | Received a gift from Okawaru
 32748 | Swamp:4  | Got a decaying rune of Zot
 33215 | Snake:1  | Entered Level 1 of the Snake Pit
 33305 | Snake:1  | Received a gift from Okawaru
 34002 | Snake:1  | Noticed Kirke
 34017 | Snake:1  | Killed Kirke
 34018 | Snake:1  | Reached XP level 18. HP: 173/173 MP: 8/17
 34038 | Snake:1  | Noticed Aizul
 34058 | Snake:1  | Killed Aizul
 34682 | Snake:2  | Found Boxuehew's Antique Weapon Emporium.
 34688 | Snake:2  | Found Votur's Armour Emporium.
 34692 | Snake:2  | Bought a dazzling shortbow for 240 gold pieces
 34692 | Snake:2  | Identified the +3 shortbow "Feunka" {flame, rF+++ rC+++
                  | Dex-3 Stlth-} (You bought it in a shop on level 2 of the
                  | Snake Pit)
 34951 | Snake:2  | Noticed Vashnia
 34977 | Snake:2  | Received a gift from Okawaru
 35356 | Snake:2  | HP: 1/174 [Vashnia/arrow (24)]
 35358 | Snake:2  | Shot with an arrow by Vashnia

Illustrated notes

Levels and vault maps discovered:
D:1:      erik_arrival_cave_to_civilisation [erik_arrival_cave_to_temple],
          layout_basic, shapermc_ecumenical_altar_venn, kennysheep_flooded_box,
          minmay_strange_pillars
D:2:      layout_basic
D:3:      layout_rooms, lemuel_tele_altar, vehumet_altar_wand_db
D:4:      minmay_chambers_of_fours, layout_basic, led_sif_pool,
          minmay_temple_entry_arrows, minmay_stone_trees_small, uniq_edmund,
          uniq_ijyb
D:5:      layout_rooms, serial_glass, glass_columns_b, glass_columns_b,
          nicolae_underground_beach
D:6:      layout_rooms
D:7:      layout_basic, minitemple, uniq_pikel
D:8:      kennysheep_kobold_camp, layout_basic, old_standard_altar,
          pdpol_wu_jian_five_deadly_venoms, dpeg_oklobed_lair,
          minmay_misc_feat_x, uniq_psyche
D:9:      layout_rooms, kennysheep_mini_moat, nicolae_elyvilon_peaceful_grove,
          serial_shops, nicolae_shop_crystal, minivault_25_ag,
          serial_bayou_pond_e, serial_bayou_lake_a
D:10:     layout_roguey, kennysheep_mini
D:11:     gammafunk_wand_slinger, layout_irregular_city, erik_orc_1
D:12:     layout_irregular_city, serial_column_ruins, column_ruins_grid_1,
          column_ruins_columns_dead_end, column_ruins_open_small,
          column_ruins_corridor_corner, column_ruins_grid_1,
          column_ruins_grid_1, column_ruins_corridor_T,
          ploomutoo_gammafunk_ghost_potion_laboratory, minivault_13
D:13:     layout_basic
D:14:     layout_gridville, grunt_vaults_entry_tiered,
          nicolae_gozag_zags_fifth_avenue, minivault_1, uniq_rupert,
          uniq_louise, uniq_agnes
D:15:     gammafunk_enter_depths_forms, layout_gridville,
          minmay_misc_feat_alley, serial_shops, shop, uniq_nessos
Temple:   minmay_temple_forest_path
Lair:1:   lemuel_slime, layout_small_grid
Lair:2:   lemuel_reptile_caves, layout_regular_city, swamp_mist,
          guppyfry_snake_entry_garden, infiniplex_staircase_pool_2
Lair:3:   statuecave_lemuel, layout_small_grid, gauntlet_entry_generic,
          grunt_forest_stairs_basic, hibernation_bobbens, grunt_megastairs_3
Lair:4:   layout_gridlike, hellmonk_guarded_unrand_vines
Lair:5:   layout_gridlike, kennysheep_abandoned_house
Lair:6:   cheibrodos_lair_end_hotspot, layout_regular_city,
          minmay_slime_entry_pillars, nicolae_volcano_entry_hallway
Swamp:1:  layout_basic_swamp, evilmike_swamp_ruin_house_3, swamp_pool5,
          uniq_roxanne
Swamp:2:  layout_basic_swamp, evilmike_swamp_ruin_house_2
Swamp:3:  layout_basic_swamp, evilmike_swamp_ruin_rubble_1, swamp_pool1,
          nicolae_swamp_round_clearing, hangedman_swamp_blocks
Swamp:4:  swamp_basic_johnstein, layout_basic_swamp
Snake:1:  layout_layer_cave, uniq_aizul, uniq_kirke
Snake:2:  layout_onion_interference, grunt_megastairs_5, minmay_shop_star,
          serial_bayou_shore_b, uniq_vashnia
Slime:1:  layout_caves

Skill      XL: |  1  2  3  4  5  6  7  8  9 10 11 12 13 14 15 16 17 18 |
---------------+-------------------------------------------------------+-----
Fighting       | 3 4 5 6 8 10 11 13 14 15 16 17 18 | 18.9
Armour         | 1 2 3 4 5 6 8 9 10 11 12 13 | 13.9
Bows           | 5 6 7 8 10 11 12 13 14 15 16 17 | 17.9
Dodging        | 3 4 5 6 8 10 11 13 14 15 16 | 16.6
Long Blades    | 5 8 10 11 12 | 12.0
Stealth        | |  0.7

Action                   |  1- 3 |  4- 6 |  7- 9 | 10-12 | 13-15 | 16-18 || total
-------------------------+-------+-------+-------+-------+-------+-------++-------
Melee: Short sword       |       |       |     2 |    47 |       |       ||    49
       Headbutt          |       |       |       |    15 |    17 |    29 ||    61
       Club              |       |       |       |     5 |       |       ||     5
       Battleaxe         |       |       |       |     8 |       |       ||     8
       Shortbow          |       |       |       |     1 |       |       ||     1
       Scimitar          |       |       |       |       |    31 |    80 ||   111
 Fire: Shortbow          |   103 |    89 |   304 |   618 |  1348 |   254 ||  2716
       Longbow           |       |       |       |    63 |   256 |   417 ||   736
Invok: Heroism           |       |       |       |     1 |     2 |       ||     3
       Finesse           |       |       |       |       |     1 |       ||     1
Evoke: Wand              |       |       |       |     1 |     1 |     9 ||    11
  Use: Scroll            |     4 |     4 |    10 |    14 |    11 |     9 ||    52
       Potion            |       |       |       |     2 |     4 |     7 ||    13
Armor: Leather armour    |    11 |     9 |    19 |       |       |       ||    39
       Acid dragon scale |       |       |     8 |   166 |   127 |       ||   301
       Quicksilver drago |       |       |       |       |    35 |    90 ||   125
Dodge: Dodged            |    19 |    13 |    40 |   143 |   401 |   397 ||  1013
Block: Other             |     9 |     7 |    17 |    56 |    98 |    27 ||   214
       Reflection        |     1 |       |     8 |     6 |     1 |     2 ||    18
       Rpst.: Scimitar   |       |       |       |       |     1 |    18 ||    19

Table legend: (Time is in decaauts)
 A = Elapsed time spent in this place.
 B = Non-inter-level travel time spent in this place.
 C = Inter-level travel time spent in this place.
 D = Time resting spent in this place.
 E = Time spent auto-exploring this place.
 F = Levels seen in this place.
 G = Mean time per level.
                   A        B        C        D        E       F      G
               +--------+--------+--------+--------+--------+-----+--------+
         Total |  34470 |  32456 |   2014 |   2104 |  25103 |  30 | 1149.0 |
       Dungeon |  20483 |  19246 |   1237 |   1487 |  14856 |  15 | 1365.5 |
        Temple |    521 |    363 |    158 |      0 |    361 |   1 |  521.0 |
          Lair |   6859 |   6426 |    433 |    339 |   5147 |   6 | 1143.2 |
         Swamp |   3550 |   3375 |    175 |    156 |   2533 |   4 |  887.5 |
     Snake Pit |   2009 |   1999 |     10 |    122 |   1483 |   2 | 1004.5 |
    Slime Pits |    231 |    231 |      0 |      0 |    125 |   1 |  231.0 |
      Gauntlet |    814 |    814 |      0 |      0 |    597 |   1 |  814.0 |
               +--------+--------+--------+--------+--------+-----+--------+

Top non-repeatable levels by time:
    D:14: 3054 daAuts
    D:12: 2968 daAuts
    D:15: 2508 daAuts
  Lair:6: 2335 daAuts
    D:11: 1690 daAuts
     D:9: 1605 daAuts
     D:8: 1423 daAuts
  Lair:2: 1188 daAuts
 Snake:1: 1127 daAuts
 Swamp:1: 1124 daAuts
     D:4: 1115 daAuts
  Lair:4: 1050 daAuts
  Lair:5: 1041 daAuts
    D:10: 980 daAuts
  Lair:1: 929 daAuts
